 Dungeon Crawl Stone Soup version 0.31-a0-986-g5e6e4ef867 (webtiles) character file.

Game seed: 3065312468748229714

195 Dittersdorf the Trooper (level 5, -2/34 HPs)
             Began as a Gargoyle Fighter on Nov 3, 2023.
             Was an Initiate of Okawaru.
             Slain by a black bear (4 damage)
             ... on level 4 of the Dungeon.
             The game lasted 00:03:50 (2437 turns).

Dittersdorf the Trooper (Gargoyle Fighter)          Turns: 2437, Time: 00:03:51

Health: -2/34      AC: 16    Str: 21    XL:     5   Next: 74%
Magic:  5/5        EV:  8    Int:  9    God:    Okawaru [......]
Gold:   160        SH:  4    Dex:  9    Spells: 4/4 levels left

rFire   . . .        a - +1 flail
rCold   + . .        c - +0 buckler
rNeg    + . .        i - +0 chain mail
rPois   ∞            (no helmet)
rElec   +            p - +0 cloak
rCorr   .            (no gloves)
SInv    .            w - +0 pair of boots
Will    .....        s - amulet of faith Stlth
                     t - ring of protection from cold
HPRegen 0.25/turn    (no ring)
MPRegen 0.09/turn

%: faith
@: no status effects
A: sickness immunity, AC +4, negative energy resistance 1, electricity
resistance, torment resistance 1, petrification resistance
a: Renounce Religion


You were on level 4 of the Dungeon.
You worshipped Okawaru.
Okawaru was noncommittal.
You visited 2 branches of the dungeon, and saw 5 of its levels.

You collected 160 gold pieces.

Inventory:

Hand Weapons
 a - a +1 flail (weapon)
Missiles
 h - 17 poisoned darts (quivered)
Armour
 c - a +0 buckler (worn)
 i - a +0 chain mail (worn)
 p - a +0 cloak (worn)
 w - a +0 pair of boots (worn)
Jewellery
 m - a ring of ice
 s - an amulet of faith (around neck)
 t - a ring of protection from cold (left hand)
Scrolls
 f - a scroll of teleportation
 g - a scroll of revelation
Potions
 b - a potion of lignification {unknown}
 d - a potion of might
 e - 2 potions of enlightenment {unknown}
 k - a potion of attraction {unknown}
 l - a potion of berserk rage {unknown}
 o - 3 potions of curing {unknown}
 q - 4 potions of haste
 r - a potion of mutation


   Skills:
 + Level 4.4 Fighting
 + Level 3.3 Maces & Flails
 + Level 4.4 Armour
 + Level 4.4 Shields


You had 4 spell levels left.
You didn't know any spells.
Your spell library contained the following spells:

 Spells                   Type           Power      Damage    Failure   Level
 Freeze                   Ice            0%         1d3       97%         1
 Necrotise                Necr           0%         1d4       97%         1
 Dazzling Flash           Conj/Hex       0%         N/A       100%        3
 Frozen Ramparts          Ice            0%         1d1       100%        3
 Hailstorm                Conj/Ice       0%         3d3       100%        3
 Vampiric Draining        Necr           0%         2d6       100%        3
 Volatile Blastmotes      Fire/Tloc      0%         2d10      100%        3
 Agony                    Necr           0%         N/A       100%        5
 Starburst                Conj/Fire      0%         6d3       100%        6
 Maxwell's Capacitive Co  Air            0%         ∞         100%        8


Dungeon Overview and Level Annotations

Branches:
Dungeon (4/15)             Temple (1/1) D:4

Altars:
Ashenzari
Cheibriados
Dithmenos
Elyvilon
Hepliaklqana
Nemelex Xobeh
Okawaru
Qazlal
Ru
Trog
Uskayaw
The Shining One

Shops:
D:1 :?*([

Annotations:
D:4 Edmund


Innate Abilities, Weirdness & Mutations

You are immune to sickness and miasma.
Your stone body is resilient. (AC +4)
You are immune to poison.
You resist negative energy. (rN+)
You are resistant to electric shocks. (rElec)
You are resistant to unholy torment.
You are immune to petrification.


Message History

You are too injured to fight recklessly!
You are too injured to fight recklessly!
You are too injured to fight recklessly!
You are too injured to fight recklessly!
You are too injured to fight recklessly!
You are too injured to fight recklessly!
You are too injured to fight recklessly!
You are too injured to fight recklessly!
You are too injured to fight recklessly!
You are too injured to fight recklessly!
You are too injured to fight recklessly!
Edmund attacks as he pursues you! Edmund barely misses you.
The black bear attacks as it pursues you!
The black bear bites you.
* * * LOW HITPOINT WARNING * * *
The black bear claws you but does no damage. x2
The black bear attacks as it pursues you!
The black bear bites you.
* * * LOW HITPOINT WARNING * * *
The black bear claws you but does no damage.
You block the black bear's attack.
The black bear attacks as it pursues you!
The black bear bites you but does no damage.
The black bear claws you but does no damage.
The black bear barely misses you.
The black bear attacks as it pursues you!
The black bear bites you but does no damage.
The black bear claws you but does no damage.
You block the black bear's attack.
The black bear attacks as it pursues you!
The black bear bites you but does no damage.
The black bear claws you but does no damage. x2
The black bear attacks as it pursues you!
The black bear bites you but does no damage.
The black bear claws you.
* * * LOW HITPOINT WARNING * * *
You block the black bear's attack.
The black bear attacks as it pursues you!
The black bear bites you.
You die...

..##.....###.....#.###....#...,,,
..........###....#..##........,,,
.................#...@.......#*,,
.........###.....@.#.#........,,,
..#.#.....#.....†..###.##..#..,,,
.#####............##_###*^.#*,,,,
####........##.####,,,***,,..,,,,
##.........###h.#⌠,,,⌠*,,,,..,,,
#.....#)....#..@##,,,**,,,,,.,**
#>...##..........#*,***,,,,,,,**
#######......##.##*,*~*,,,,,,,**
#..........#~,,,,,,,,,,,,,
##.....##..#*,*~*,,,,,,,,,
##....###.#*,***,,,,,,,,,
#....###.##,,,**,,,,,,*,* ###..#
#.#⌠,,,⌠*,,*,,,*,, #.##
###*,,,**,**,,,,,,


You could see a black bear.

Vanquished Creatures
  A hound (D:3)
  A sleepcap (D:4)
  6 adders
  A white imp (D:3)
  A worm (D:3)
  3 dart slugs (D:2)
  An orc (D:3)
  8 ball pythons
  5 endoplasms
  A giant cockroach (D:2)
  6 goblins
  7 hobgoblins
  10 kobolds
  4 quokkas
  5 bats
  2 frilled lizards (D:1)
  9 rats
71 creatures vanquished.

Notes
Turn   | Place    | Note
-------+----------+-------------------------------------------
     0 | D:1      | Dittersdorf the Gargoyle Fighter began the quest for the
                  | Orb.
     0 | D:1      | Reached XP level 1. HP: 14/14 MP: 1/1
   140 | D:1      | Found Beaqyr's Magic Scroll Shop.
   199 | D:1      | Found Jorrof's Weapon Shop.
   217 | D:1      | Found Lusmiu Xive's General Store.
   238 | D:1      | Found Juawky's Antique Armour Emporium.
   248 | D:1      | Reached XP level 2. HP: 17/19 MP: 2/2
   446 | D:1      | Found Nuaschyfe's Book Shop.
   839 | D:2      | Reached XP level 3. HP: 22/24 MP: 3/3
  1052 | D:2      | Reached XP level 4. HP: 29/29 MP: 4/4
  1734 | D:3      | Reached XP level 5. HP: 31/33 MP: 5/5
  2022 | D:4      | Found a staircase to the Ecumenical Temple.
  2039 | Temple   | Entered the Ecumenical Temple
  2051 | Temple   | Became a worshipper of Warmaster Okawaru
  2407 | D:4      | Noticed Edmund
  2420 | D:4      | Noticed a black bear
  2429 | D:4      | HP: 1/34 [black bear (4)]
  2435 | D:4      | HP: 1/34 [black bear (1)]
  2437 | D:4      | Slain by a black bear

Illustrated notes

Levels and vault maps discovered:
D:1:      lightli_arrival_maybe_door_vault, layout_basic, serial_shops,
          shop_scrolls, nicolae_shop_window_shopping, shop,
          nicolae_shop_peninsula, nicolae_shop_trees
D:2:      layout_basic, minmay_misc_feat_rows, minmay_mini_jars
D:3:      layout_basic, serial_aquarium, aquarium_bridge_square
          [aquarium_subvault_bridge, aquarium_subvault_wall,
          aquarium_subvault_bridge, aquarium_subvault_wall], aquarium_window_3,
          aquarium_window_corner, aquarium_window_fake, aquarium_window_fake,
          aquarium_view_2d, aquarium_pool_2
D:4:      layout_cave_pools, amethyst_overflow_temple_binary,
          minmay_temple_entry_large_hall, serial_shops, nicolae_shop_peninsula,
          grunt_decor_arrowhead, uniq_edmund
Temple:   hellmonk_temple_forest_ring

Skill      XL: |  1  2  3  4 |
---------------+-------------+-----
Shields        | 4 |  4.4
Armour         | 4 |  4.4
Fighting       | 4 |  4.4
Maces & Flails | 3 |  3.3

Action                     |  1- 3 |  4- 6 || total
---------------------------+-------+-------++-------
  Melee: Mace              |    94 |    75 ||   169
         Flail             |    11 |    28 ||    39
    Use: Scroll            |     1 |     8 ||     9
 Armour: Scale mail        |    73 |       ||    73
         Chain mail        |       |   100 ||   100
  Dodge: Dodged            |    53 |    45 ||    98
  Block: Buckler           |    26 |    33 ||    59

Table legend: (Time is in decaauts)
 A = Elapsed time spent in this place.
 B = Non-inter-level travel time spent in this place.
 C = Inter-level travel time spent in this place.
 D = Time resting spent in this place.
 E = Time spent auto-exploring this place.
 F = Levels seen in this place.
 G = Mean time per level.
                   A        B        C        D        E       F      G
               +--------+--------+--------+--------+--------+-----+--------+
         Total |   2498 |   2331 |    167 |    170 |   1554 |   5 |  499.6 |
       Dungeon |   2474 |   2323 |    151 |    170 |   1554 |   4 |  618.5 |
        Temple |     23 |      7 |     16 |      0 |      0 |   1 |   23.0 |
               +--------+--------+--------+--------+--------+-----+--------+

Top non-repeatable levels by time:
     D:1: 878 daAuts
     D:3: 805 daAuts
     D:2: 541 daAuts
     D:4: 249 daAuts
  Temple: 23 daAuts
